 Dungeon Crawl Stone Soup version 0.30-a0-702-gdf48620a09 (webtiles) character file.

Game seed: 13334495920359558711

284 tkbsonic5 the Trooper (level 6, 0/51 (56) HPs)
             Began as a Hill Orc Monk on Jan 22, 2023.
             Slain by a wight
             ... wielding a +2 spear
              (4 damage)
             ... on level 4 of the Dungeon.
             The game lasted 00:14:30 (2825 turns).

tkbsonic5 the Trooper (Hill Orc Monk)               Turns: 2825, Time: 00:14:31

HP:   0/51 (56)     AC:  6    Str: 14    XL:     6   Next: 29%
MP:   6/6           EV: 11    Int: 14    God:
Gold: 10            SH:  0    Dex: 21    Spells: 5/5 levels left

rFire   . . .      SeeInvis +    u - +0 war axe
rCold   . . .      Faith    .    (no shield)
rNeg    . . .      Spirit   .    f - +0 ring mail
rPois   +          Reflect  .    (no helmet)
rElec   +          Harm     .    (no cloak)
rCorr   .          Rampage  .    v - +0 pair of gloves
Will    .....                    (no boots)
Stlth   ++                       n - amulet of regeneration
HPRegen 1.08/turn                o - +6 ring of dexterity
MPRegen 0.10/turn                l - ring "Cupluba" {Drain rElec rPois Int+4 SInv}

@: drained
A: no striking features
a: no special abilities


You were on level 4 of the Dungeon.
You visited 1 branch of the dungeon, and saw 4 of its levels.

You collected 208 gold pieces.
You spent 198 gold pieces at shops.

Inventory:

Hand Weapons
 d - a +1 sling
 u - a +0 war axe (weapon)
Missiles
 g - 2 curare-tipped darts
 p - 2 boomerangs (quivered)
 x - 4 poisoned darts
Armour
 b - a +0 robe
 f - a +0 ring mail (worn)
 v - a +0 pair of gloves (worn)
Jewellery
 e - a +4 ring of protection
 j - the ring of Obsession {Ice Will+ Str-5 Slay+5}
   (You acquired it on level 4 of the Dungeon)

   [ring of ice]

   It enhances your ice magic.
   Str:       It affects your strength (-5).
   Slay:      It affects your accuracy & damage with ranged weapons and melee
   (+5).
   rF:        It makes you vulnerable to fire.
   rC:        It protects you from cold.
   Will:      It increases your willpower.
 l - the ring "Cupluba" (right hand) {Drain rElec rPois Int+4 SInv}
   (You found it on level 2 of the Dungeon)

   [ring of see invisible]

   Int:       It affects your intelligence (+4).
   rElec:     It insulates you from electricity.
   rPois:     It protects you from poison.
   SInv:      It lets you see invisible.
   Drain:     It drains your maximum health when unequipped.
 n - an amulet of regeneration (around neck)
 o - a +6 ring of dexterity (left hand)
Scrolls
 r - a scroll of poison {unknown}
 s - a scroll of brand weapon {unknown}
Potions
 c - a potion of ambrosia
 h - 2 potions of resistance {unknown}
 i - a potion of cancellation {unknown}
 k - a potion of lignification {unknown}
 m - a potion of brilliance {unknown}
 q - a potion of haste {unknown}
 t - 3 potions of curing
 w - 3 potions of heal wounds


   Skills:
 * Level 5.4 Fighting
 * Level 5.3 Axes
 - Level 2.5 Ranged Weapons
 * Level 1.2 Throwing
 * Level 2.2 Armour
 + Level 2.4 Dodging
 - Level 1.5 Stealth


You had 5 spell levels left.
You didn't know any spells.
Your spell library was empty.

Dungeon Overview and Level Annotations

Branches:
Dungeon (4/15)
 Temple: D:4-7

Altars:
Hepliaklqana
Nemelex Xobeh
Trog

Shops:
D:4 !


Message History

An adder comes into view.
You throw a curare-tipped dart. The curare-tipped dart hits the adder.
The adder is poisoned.
The adder convulses.
The adder seems to slow down.
The adder hisses angrily.
The adder is almost dead.
You kill the adder!
g - 2 curare-tipped darts (gained 1)
You see here an adder corpse.
No target in view!
No target in view!
No target in view!
You see here an adder corpse.
Found a hazy altar of Hepliaklqana.
g - 3 curare-tipped darts (gained 1)
You throw a curare-tipped dart. The curare-tipped dart hits the wight.
You throw a boomerang. The boomerang closely misses the wight.
You throw a boomerang. The boomerang barely misses the wight.
The wight hits you with a +2 halberd of freezing!
You feel drained. The wight freezes you.
You hit the wight.
The wight is moderately damaged.
The wight barely misses you.
You hit the wight but do no damage.
The wight is moderately damaged.
The wight hits you with a +2 halberd of freezing.
You feel drained. The wight freezes you.
You slash the wight!
The wight is severely damaged.
The wight hits you with a +2 halberd of freezing!
The wight freezes you.
The wight hits you from afar with a +2 spear.
* * * LOW HITPOINT WARNING * * *
You feel drained.
* * * LOW HITPOINT WARNING * * *
The wight hits you with a +2 halberd of freezing.
* * * LOW HITPOINT WARNING * * *
The wight freezes you.
* * * LOW HITPOINT WARNING * * *
The wight hits you from afar with a +2 spear.
You die...

#.#.## ##.## ###........#
..#..# ##..# ######.......#
.###.####..#####.......#....#
.###.##...###....####.##....#
.##...........#### #z.#....#
<#......####.## ##.z#
∩..#.#### #.#### ##.# ..##.#
#....### #.# ####.# ####.@z#
... #....# ###.z.(.....
..#### ###....... ###
#........ # #......... #
#.<)....... # #


You could see 2 wights.

Vanquished Creatures
  An ogre (D:4)
  An orc priest (D:3)
  An orc wizard (D:3)
  4 adders
  2 worms (D:2)
  4 dart slugs
  7 orcs
  5 bats
  13 endoplasms
  3 giant cockroaches
  3 hobgoblins
  8 jackals
  5 quokkas
  7 ball pythons
  4 frilled lizards
  4 goblins (D:1)
  10 kobolds
  7 rats
89 creatures vanquished.

Notes
Turn   | Place    | Note
-------+----------+-------------------------------------------
     0 | D:1      | tkbsonic5 the Hill Orc Monk began the quest for the Orb.
     0 | D:1      | Reached XP level 1. HP: 19/19 MP: 1/1
    66 | D:1      | Reached XP level 2. HP: 10/27 MP: 2/2
   468 | D:1      | Reached XP level 3. HP: 33/33 MP: 3/3
   588 | D:1      | Reached skill level 1 in Armour
   667 | D:2      | Reached skill level 1 in Ranged Weapons
   725 | D:2      | Identified the ring "Cupluba" {Drain rElec rPois Int+4
                  | SInv}
   866 | D:2      | Reached XP level 4. HP: 41/41 MP: 4/4
  1676 | D:3      | Found a bloodstained altar of Trog.
  1702 | D:3      | Found a sparkling altar of Nemelex Xobeh.
  1907 | D:3      | Reached XP level 5. HP: 47/47 MP: 5/5
  1912 | D:3      | Reached skill level 5 in Fighting
  2133 | D:3      | Reached skill level 5 in Axes
  2537 | D:4      | Noticed an ogre
  2585 | D:4      | Killed an ogre
  2586 | D:4      | Reached skill level 1 in Throwing
  2586 | D:4      | Reached XP level 6. HP: 56/56 MP: 6/6
  2639 | D:4      | Found Tekkigri's Distillery.
  2647 | D:4      | Bought 2 potions of heal wounds for 110 gold pieces
  2647 | D:4      | Bought a potion of heal wounds for 55 gold pieces
  2647 | D:4      | Bought a potion of curing for 33 gold pieces
  2688 | D:4      | Identified a scroll of acquirement
  2688 | D:4      | Acquired the ring of Obsession {Ice Will+ Str-5 Slay+5}
  2753 | D:4      | Found a hazy altar of Hepliaklqana.
  2825 | D:4      | Slain by a wight

Illustrated notes

Levels and vault maps discovered:
D:1:      mrwooster_arrival_arrow, layout_rooms, minmay_tromino_v4_c
D:2:      layout_basic, minmay_fractal_squares_5
D:3:      layout_loops_ring, trog_butcher_becter, nemelex_spade_bored_becter
D:4:      layout_rooms, mainiacjoe_overflow_brackets, serial_shops, shop

Skill      XL: |  1  2  3  4  5 |
---------------+----------------+-----
Fighting       | 4 5 |  5.4
Armour         | 1 2 |  2.2
Ranged Weapons | 1 2 |  2.5
Axes           | 5 |  5.3
Throwing       | 1 |  1.2
Dodging        | |  2.4
Stealth        | |  1.5

Action                   |  1- 3 |  4- 6 || total
-------------------------+-------+-------++-------
Melee: Hand axe          |    49 |    39 ||    88
       War axe           |       |    16 ||    16
 Fire: Sling             |    87 |    94 ||   181
Throw: Dart              |       |    18 ||    18
       Boomerang         |       |     2 ||     2
  Use: Scroll            |       |     8 ||     8
 Stab: Sleeping          |     1 |       ||     1
Armor: Robe              |     4 |       ||     4
       Ring mail         |    31 |    27 ||    58
Dodge: Dodged            |    67 |    56 ||   123

Table legend: (Time is in decaauts)
 A = Elapsed time spent in this place.
 B = Non-inter-level travel time spent in this place.
 C = Inter-level travel time spent in this place.
 D = Time resting spent in this place.
 E = Time spent auto-exploring this place.
 F = Levels seen in this place.
 G = Mean time per level.
                   A        B        C        D        E       F      G
               +--------+--------+--------+--------+--------+-----+--------+
         Total |   2904 |   2797 |    107 |     23 |   2096 |   4 |  726.0 |
       Dungeon |   2904 |   2797 |    107 |     23 |   2096 |   4 |  726.0 |
               +--------+--------+--------+--------+--------+-----+--------+

Top non-repeatable levels by time:
     D:2: 1012 daAuts
     D:3: 785 daAuts
     D:1: 696 daAuts
     D:4: 408 daAuts
